 Dungeon Crawl Stone Soup version 0.16-a0-3265-g401194c (webtiles) character file.

446 Minkie the Sneak (level 6, -3/41 HPs)
             Began as a Vampire Enchanter on Dec 23, 2014.
             Slain by an orc wizard
             ... wielding a +0 dagger
              (5 damage)
             ... on level 4 of the Dungeon.
             The game lasted 00:14:42 (4362 turns).

Minkie the Sneak (Vampire Enchanter)                Turns: 4362, Time: 00:14:42

Health: -3/41      AC:  5    Str:  7    XL:     6   Next: 73%
Magic:  0/10       EV: 12    Int: 19    God:
Gold:   180        SH:  0    Dex: 14    Spells: 2 memorised, 6 levels left

rFire  . . .     SeeInvis +     a - +1 dagger
rCold  + + .     Clarity  .     u - +0 robe {MR+}
rNeg   + + +     SustAb   .     (no shield)
rPois  +         Gourm    .     (no helmet)
rElec  .         Spirit   .     (no cloak)
rCorr  .         Warding  .     h - +2 pair of gloves
rMut   .         Stasis   .     (no boots)
MR     +....                    (no amulet)
Stlth  ++++......               (no ring)
                                (no ring)

@: regenerating slowly, somewhat resistant to hostile enchantments, stealthy
A: bottle blood, fangs 3, see invisible, unbreathing
a: Bat Form


You were on level 4 of the Dungeon.
You were near bloodless.

You visited 2 branches of the dungeon, and saw 6 of its levels.

You collected 180 gold pieces.

Inventory:

Hand weapons
 a - a +1 dagger (weapon)
Missiles
 q - 4 tomahawks (quivered)
Armour
 h - a +2 pair of gloves (worn)
 u - a +0 robe of magic resistance (worn)
Rods
 B - a +0 rod of ignition (13/13)
   (You found it on level 4 of the Dungeon)
Magical devices
 l - a wand of random effects (5)
 v - a wand of hasting (7)
Scrolls
 e - a scroll of enchant weapon {unknown}
 f - 3 scrolls of teleportation {unknown}
 g - 5 scrolls of identify {unknown}
 m - 2 scrolls of immolation {unknown}
 o - 4 scrolls of remove curse {unknown}
 p - a scroll of magic mapping {unknown}
 s - a scroll of random uselessness {unknown}
 x - 3 scrolls of amnesia {unknown}
 y - 3 scrolls of recharging {unknown}
 A - a scroll of enchant armour {unknown}
Potions
 b - a potion of haste {unknown}
 d - a potion of poison {unknown}
 i - a potion of flight {unknown}
 j - 2 potions of heal wounds {unknown}
 k - a potion of might {unknown}
 n - a potion of restore abilities {unknown}
 r - 4 potions of blood
 t - a potion of brilliance {unknown}
 w - a potion of resistance
 z - a potion of invisibility {unknown}
Books
 c - a book of Maledictions

   Spells                             Type                      Level
   a - Corona                         Hexes                        1
   b - Sure Blade                     Hexes/Charms                 2
   c - Ensorcelled Hibernation        Hexes/Ice                    2
   d - Confuse                        Hexes                        3
   e - Dazzling Spray                 Conjuration/Hexes            3
   f - Enslavement                    Hexes                        4


   Skills:
 * Level 5.7 Short Blades
 - Level 2.1 Dodging
 + Level 6.8 Stealth
 - Level 2.0 Spellcasting
 + Level 6.4 Hexes


You had 6 spell levels left.
You knew the following spells:

 Your Spells              Type           Power        Failure   Level  Hunger
a - Corona                Hex            ####...      1%          1    #......
b - Ensorcelled Hibernat  Hex/Ice        ##....       10%         2    ###....


Dungeon Overview and Level Annotations

Branches:
Dungeon (5/15)             Temple (1/1) D:4

Altars:
Ashenzari
Dithmenos
Elyvilon
Fedhas
Gozag
Nemelex Xobeh
Trog
Vehumet
Xom
The Shining One


Innate Abilities, Weirdness & Mutations

You heal slowly.
You can bottle blood from corpses.
You have razor-sharp teeth.
You have supernaturally acute eyesight.
You can survive without breathing.


Message History

You closely miss the orc wizard.
The orc wizard is lightly wounded.
The orc wizard hits you with a dagger.
* * * LOW HITPOINT WARNING * * *
You closely miss the orc wizard.
The orc wizard is lightly wounded.
The orc wizard gestures at you while chanting.
The magic dart hits you!
* * * LOW HITPOINT WARNING * * *
You hit the orc wizard but do no damage.
The orc wizard is lightly wounded.
The orc wizard misses you.
Casting: Ensorcelled Hibernation
Confirm with . or Enter, or press ? or * to list all spells.
Aiming: Ensorcelled Hibernation
Press: ? - help, Shift-Dir - straight line, f/p - orc wizard
Aim: an orc wizard, wielding a dagger and wearing a robe (lightly wounded, fast, chance 45%)
The orc wizard resists with some effort.
The orc wizard hits you with a dagger.
You die...

# ... ... #+# ... #...# #%#
#.....# ### #.# ## .......##
##.###.# ..
........####...##.########.
..!......oo@................
.........####...##.########.
#.......## ##.....# #...
#...(.# ##.#### #.## ##...#
#.# ####.## ##'# #.# #.....#
#. #.# #.⌠.⌠.# # #.# #.._..#
..# ##⌠.⌠##


You could see an orc wizard and an orc.

Vanquished Creatures
  An ogre (D:4)
  Sigmund (D:3)
  A hound (D:4)
  2 worker ants (D:4)
  Ijyb (D:2)
  4 adders
  4 gnolls (D:3)
  3 worms
  An ooze (D:2)
  7 orcs
  11 bats
  2 giant cockroaches (D:1)
  10 hobgoblins
  6 jackals
  4 giant geckos
  3 giant newts
  11 goblins
  10 kobolds
  A quokka (D:4)
  17 rats
100 creatures vanquished.

Notes
Turn   | Place    | Note
--------------------------------------------------------------
     0 | D:1      | Minkie, the Vampire Enchanter, began the quest for the Orb.
     0 | D:1      | Reached XP level 1. HP: 13/13 MP: 3/3
   221 | D:1      | Reached XP level 2. HP: 19/19 MP: 4/4
   225 | D:1      | Learned a level 2 spell: Ensorcelled Hibernation
   708 | D:2      | Reached skill level 5 in Hexes
   769 | D:2      | Reached XP level 3. HP: 24/24 MP: 6/6
   838 | D:2      | Noticed Ijyb
   883 | D:2      | Killed Ijyb
  1386 | D:2      | Reached skill level 5 in Stealth
  1636 | D:3      | Found a shattered altar of Ashenzari.
  1665 | D:3      | Reached XP level 4. HP: 30/30 MP: 4/7
  3175 | D:3      | Reached XP level 5. HP: 35/35 MP: 6/9
  3309 | D:3      | Noticed a moth of wrath
  3309 | D:3      | Noticed Sigmund
  3310 | D:3      | Found a bloodstained altar of Trog.
  3316 | D:3      | Killed Sigmund
  3316 | D:3      | Reached skill level 6 in Stealth
  3501 | D:4      | Noticed an ogre
  3504 | D:4      | Killed an ogre
  3504 | D:4      | Reached skill level 5 in Short Blades
  3504 | D:4      | Reached XP level 6. HP: 41/41 MP: 10/10
  3607 | D:5      | Entered Level 5 of the Dungeon
  3672 | D:4      | Found a staircase to the Ecumenical Temple.
  3682 | Temple   | Entered the Ecumenical Temple
  4046 | D:4      | Identified a +0 rod of ignition (13/13) (You found it on level 4 of the Dungeon)
  4299 | D:4      | Found a sparkling altar of Nemelex Xobeh.
  4360 | D:4      | HP: 2/41 [orc wizard/magic dart (9)]
  4362 | D:4      | Slain by an orc wizard

Action                   |  1- 3 |  4- 6 || total
-------------------------+-------+-------++-------
Melee: Dagger            |   156 |   175 ||   331
 Cast: Ensorcelled Hiber |     5 |    38 ||    43
  Use: Potion            |       |     2 ||     2
 Stab: Sleeping          |    11 |    31 ||    42
